 Dungeon Crawl Stone Soup version 0.28-a0-1235-g7c8fac35f0 (webtiles) character file.

Game seed: 4993643924851236031

18 Gargoyl the Skirmisher (level 2, -1/29 HPs)
             Began as a Gnoll Abyssal Knight on Dec 25, 2021.
             Was an Initiate of Lugonu.
             Slain by an adder (2 damage)
             ... on level 2 of the Dungeon.
             The game lasted 00:01:59 (1471 turns).

Gargoyl the Skirmisher (Gnoll Abyssal Knight)       Turns: 1471, Time: 00:01:59

Health: -1/29      AC:  5    Str: 12    XL:     2   Next: 70%
Magic:  5/5        EV: 12    Int:  9    God:    Lugonu [......]
Gold:   22         SH:  0    Dex: 12    Spells: 2/2 levels left

rFire   . . .      SeeInvis .   a - +1 hand axe
rCold   . . .      Faith    .   (no shield)
rNeg    . . .      Spirit   .   b - +0 leather armour
rPois   .          Reflect  .   (no helmet)
rElec   .          Harm     .   e - +1 cloak
rCorr   .          Rampage  .   (no gloves)
Will    .....                   (no boots)
Stlth   +.........              (no amulet)
HPRegen 0.09/turn               (no ring)
MPRegen 0.09/turn               (no ring)

@: lethally poisoned (-1 -> -3)
A: fangs 1, strong nose, distributed training
a: Renounce Religion


You were on level 2 of the Dungeon.
You worshipped Lugonu.
Lugonu was noncommittal.
You visited 1 branch of the dungeon, and saw 2 of its levels.
You visited the Abyss 1 time.

You collected 22 gold pieces.

Inventory:

Hand Weapons
 a - a +1 hand axe (weapon)
Armour
 b - a +0 leather armour (worn)
 c - a scarf of resistance
 e - a +1 cloak (worn)


   Skills:
 + Level 6.5 Fighting
 + Level 0.5 Short Blades
 + Level 0.5 Long Blades
 + Level 4.5 Axes
 + Level 0.5 Maces & Flails
 + Level 0.5 Polearms
 + Level 0.5 Staves
 + Level 0.5 Slings
 + Level 0.5 Bows
 + Level 0.5 Crossbows
 + Level 0.5 Throwing
 + Level 4.5 Armour
 + Level 2.5 Dodging
 + Level 0.5 Stealth
 + Level 0.5 Shields
 + Level 0.5 Unarmed Combat
 + Level 0.5 Spellcasting
 + Level 0.3 Conjurations
 + Level 0.3 Hexes
 + Level 0.3 Summonings
 + Level 0.3 Necromancy
 + Level 0.3 Translocations
 + Level 0.3 Transmutations
 + Level 0.3 Fire Magic
 + Level 0.3 Ice Magic
 + Level 0.3 Air Magic
 + Level 0.3 Earth Magic
 + Level 0.3 Poison Magic
 + Level 4.5 Invocations
 + Level 0.5 Evocations


You had 2 spell levels left.
You didn't know any spells.
Your spell library was empty.

Dungeon Overview and Level Annotations

Branches:
Dungeon (2/15)

Altars:

Annotations:
D:2 Terence


Innate Abilities, Weirdness & Mutations

You have very sharp teeth.
Your uncanny sense of smell can sniff out nearby items.
Your experience applies equally to all skills.


Message History

Lugonu accepts your kill.
There is a stone staircase leading down here.
You start resting.
An adder comes into view.
The adder hisses angrily.
The adder barely misses you. The adder bites you. The adder closely misses you.
The adder misses you. The adder closely misses you. x2
You barely miss the adder. The adder bites you but does no damage.
You hit the adder but do no damage. Your bite misses the adder.
The adder closely misses you.
You hit the adder but do no damage.
The adder bites you but does no damage. x2
You barely miss the adder. The adder closely misses you.
You barely miss the adder. The adder closely misses you. The adder bites you.
You are poisoned.
The adder poisons you!
You closely miss the adder.
You feel sick. The adder bites you but does no damage.
You miss the adder.
You feel sick. The adder misses you.
You closely miss the adder.
You feel sick. The adder bites you but does no damage.
The adder barely misses you.
You miss the adder.
You feel sick. The adder barely misses you.
You miss the adder. Your bite misses the adder.
You feel sick.
You are no longer poisoned.
The adder bites you but does no damage.
You barely miss the adder. Your bite misses the adder.
The adder bites you but does no damage. x2
You hit the adder.
The adder is lightly wounded.
The adder bites you.
* * * LOW HITPOINT WARNING * * *
You are lethally poisoned!
The adder poisons you!
You closely miss the adder. Your bite misses the adder.
The adder is lightly wounded.
* * * LOW HITPOINT WARNING * * *
You feel sick. The adder closely misses you. The adder bites you.
You die...

#. #. #.# #. #.#
#. #.# #. #.# #.#
##.####.#
........# #.#@#
#.#S# #
#...#.##### #
#..>.......
#.#####..#####.##
#........# #
##.#.#...#
..##..#..#.#
....###.#.####


You could see an adder.

Vanquished Creatures
  2 dart slugs (D:1)
  A ball python (D:1)
  A giant cockroach (D:1)
  2 goblins
  A hobgoblin (D:1)
  3 bats (D:1)
  3 kobolds (D:1)
  A rat (D:2)
14 creatures vanquished.

Vanquished Creatures (others)
  A lurking horror (Abyss:2)
1 creature vanquished.

Grand Total: 15 creatures vanquished

Notes
Turn   | Place    | Note
-------+----------+-------------------------------------------
     0 | Abyss:1  | Gargoyl the Gnoll Abyssal Knight began the quest for the
                  | Orb.
     0 | Abyss:1  | Reached XP level 1. HP: 23/23 MP: 3/3
    40 | Abyss:1  | Noticed an ancient zyme
    54 | Abyss:1  | Noticed a thrashing horror
    66 | Abyss:2  | Noticed a water elemental
    91 | Abyss:2  | Noticed a nagaraja zombie
    97 | Abyss:3  | Noticed a green very ugly thing
   126 | Abyss:4  | Noticed a raiju
   126 | Abyss:4  | Noticed a raiju
   126 | Abyss:4  | Noticed a raiju
   126 | D:1      | Escaped the Abyss
   669 | D:1      | Reached XP level 2. HP: 22/29 MP: 5/5
  1058 | D:1      | Found a faded altar of an unknown god.
  1325 | D:2      | Noticed Terence
  1471 | D:2      | HP: 1/29 [poisoned by an adder]
  1471 | D:2      | Slain by an adder

Illustrated notes

Levels and vault maps discovered:
D:1:      mrwooster_arrival_statue, layout_basic,
          chequers_ecumenical_altar_twisty, serial_aquarium,
          aquarium_bridge_long_joined [aquarium_subvault_wall,
          aquarium_subvault_bridge, aquarium_subvault_bridge,
          aquarium_subvault_wall, aquarium_subvault_wall,
          aquarium_subvault_window], aquarium_bridge_square
          [aquarium_subvault_wall, aquarium_subvault_wall,
          aquarium_subvault_bridge, aquarium_subvault_window],
          aquarium_window_1, aquarium_window_3, aquarium_view_2b,
          aquarium_view_2b, aquarium_balcony_double_1, aquarium_pool_four
D:2:      minmay_evil_eye, layout_loops_ring, uniq_crazy_yiuf_cottage,
          uniq_terence

Action                   || total
-------------------------++-------
Melee: Hand axe          ||    75
       Bite              ||     8
Invok: Depart the Abyss  ||     1
  Use: Scroll            ||     8
 Stab: Sleeping          ||     1
Armor: Leather armour    ||    44
Dodge: Dodged            ||    69

Table legend: (Time is in decaauts)
 A = Elapsed time spent in this place.
 B = Non-inter-level travel time spent in this place.
 C = Inter-level travel time spent in this place.
 D = Time resting spent in this place.
 E = Time spent auto-exploring this place.
 F = Levels seen in this place.
 G = Mean time per level.
                   A        B        C        D        E       F      G
               +--------+--------+--------+--------+--------+-----+--------+
         Total |   1475 |   1424 |     51 |     56 |   1066 |   6 |  245.8 |
       Dungeon |   1350 |   1299 |     51 |     56 |   1004 |   2 |  675.0 |
         Abyss |    125 |    125 |      0 |      0 |     62 |   4 |   31.2 |
               +--------+--------+--------+--------+--------+-----+--------+

Top non-repeatable levels by time:
     D:1: 1081 daAuts
     D:2: 268 daAuts
 Abyss:1: 58 daAuts
 Abyss:2: 32 daAuts
 Abyss:4: 25 daAuts
 Abyss:3: 8 daAuts
